 Dungeon Crawl Stone Soup version 0.23-a0-407-g92528d7 (webtiles) character file.

119352 MisterFreud the Grappler (level 16, 0/237 HPs)
             Began as a Troll Monk on Nov 6, 2018.
             Was the Champion of Okawaru.
             Slain by a redback (14 damage)
             ... on level 3 of the Lair of Beasts on Nov 7, 2018.
             The game lasted 01:10:01 (23656 turns).

MisterFreud the Grappler (Troll Monk)              Turns: 23656, Time: 01:10:02

Health: 0/237      AC: 31    Str: 28    XL:     16   Next: 27%
Magic:  19/19      EV:  1    Int:  6    God:    Okawaru [******]
Gold:   2404       SH:  0    Dex: 12    Spells: 15/15 levels left

rFire    . . .     SeeInvis .     - Unarmed
rCold    . . .     Gourm    +   S - +1 shield {AC+3}
rNeg     + + +     Faith    .   (armour currently unavailable)
rPois    +         Spirit   .   (helmet currently unavailable)
rElec    .         Reflect  .   (cloak currently unavailable)
rCorr    .         Harm     .   (gloves unavailable)
MR       +....     NoTele   +   (boots unavailable)
Stlth    ++........             (no amulet)
HPRegen  0.89/turn              W - +1 ring of slaying
MPRegen  0.16/turn              r - +5 ring of evasion

@: lethally poisoned (0 -> -1), tree-form, berserk cooldown, held, slowed,
studying Throwing, very slow
A: large, unfitting armour, fast metabolism 3, gourmand, regeneration 1
a: Heroism, Finesse, Renounce Religion


You were on level 3 of the Lair of Beasts.
You worshipped Okawaru.
Okawaru was exalted by your worship.
You were very full.
You were a tree.
You visited 4 branches of the dungeon, and saw 24 of its levels.

You collected 2449 gold pieces.
You spent 45 gold pieces at shops.

Inventory:

Missiles
 i - 11 javelins
 v - 12 large rocks (quivered)
 y - 12 steel javelins
 K - 7 poisoned javelins
 P - 11 javelins of returning
Armour
 j - the +1 robe "Susaveoc" {rElec MR+}
   (Okawaru gifted it to you on level 2 of the Lair of Beasts)

   It insulates you from electricity.
   It affects your resistance to hostile enchantments.
 D - a +2 hat of magic resistance (melded)
 G - a scarf of resistance (melded)
 M - +0 acid dragon scales
 R - the +1 robe of Akhi {Slay+5 Stlth-}
   (Okawaru gifted it to you on level 2 of the Orcish Mines)

   It affects your accuracy and damage with ranged weapons and melee attacks
   (+5).
   It makes you less stealthy.
 S - a +1 shield of protection (worn)
 T - +0 ice dragon scales (melded)
 V - a scarf of cloud immunity
Jewellery
 r - a +5 ring of evasion (right branch)
 E - a +5 ring of dexterity
 I - an uncursed ring of stealth
 O - an uncursed ring of magical power
 U - a +2 ring of strength
 W - a +1 ring of slaying (left branch)
Wands
 h - a wand of random effects (24)
 u - a wand of enslavement (8)
 x - a wand of clouds (5)
 A - a wand of acid (5)
 B - a wand of polymorph (3)
 L - a wand of iceblast (25)
 N - a wand of flame (21)
Scrolls
 f - 6 scrolls of remove curse
 o - 4 scrolls of fog
 s - 9 scrolls of identify
 t - 3 scrolls of teleportation
 w - 7 scrolls of magic mapping
Potions
 a - 2 potions of berserk rage
 c - 4 potions of might
 d - 10 potions of flight
 e - 2 potions of brilliance
 g - 5 potions of curing
 l - 2 potions of heal wounds
 m - a potion of agility
 n - 3 potions of lignification
 p - 2 potions of ambrosia
 q - a potion of resistance
 z - 5 potions of mutation
 C - a potion of haste
 F - a potion of magic
 J - 2 potions of invisibility
Books
 Q - a manual of Throwing
Comestibles
 b - 43 rations


   Skills:
 - Level 10.0 Fighting
 - Level 14.0 Throwing
 + Level 9.5 Armour
 - Level 8.0 Dodging
 - Level 1.0 Stealth
 - Level 9.0 Shields
 - Level 14.0 Unarmed Combat
 - Level 6.0 Invocations
 - Level 5.0 Evocations


You had 15 spell levels left.
You didn't know any spells.
Your spell library contained the following spells:

 Spells                   Type           Power        Failure   Level  Hunger
 Beastly Appendage        Tmut           #.....       45%         1    ##.....
 Corona                   Hex            #......      45%         1    ##.....
 Magic Dart               Conj           #...         45%         1    ##.....
 Sandblast                Erth           #.....       45%         1    ##.....
 Sting                    Conj/Pois      #...         45%         1    ##.....
 Blink                    Tloc           N/A          58%         2    ###....
 Call Imp                 Summ           #.......     58%         2    ###....
 Ensorcelled Hibernation  Hex/Ice        #.....       58%         2    ###....
 Passwall                 Tmut/Erth      #.......     58%         2    ###....
 Poisonous Vapours        Pois/Air       #.....       58%         2    ###....
 Slow                     Hex            #.......     58%         2    ###....
 Sticks to Snakes         Tmut           #.......     58%         2    ###....
 Call Canine Familiar     Summ           #.......     83%         3    ####...
 Confuse                  Hex            #.......     83%         3    ####...
 Conjure Flame            Conj/Fire      #.......     83%         3    ####...
 Dazzling Spray           Conj/Hex       #.....       83%         3    ####...
 Mephitic Cloud           Conj/Pois/Air  #.......     83%         3    ####...
 Portal Projectile        Hex/Tloc       #.....       83%         3    ####...
 Recall                   Summ/Tloc      N/A          83%         3    ####...
 Spider Form              Tmut/Pois      #.........   83%         3    ####...
 Stone Arrow              Conj/Erth      #.....       83%         3    ####...
 Tukima's Dance           Hex            #.......     83%         3    ####...
 Vampiric Draining        Necr           #.........   83%         3    ####...
 Cause Fear               Hex            #.........   99%         4    #####..
 Ice Form                 Ice/Tmut       #.......     99%         4    #####..
 Olgreb's Toxic Radiance  Pois           #.......     99%         4    #####..
 Petrify                  Tmut/Erth      #.......     99%         4    #####..
 Blade Hands              Tmut           #.........   100%        5    ######.
 Lee's Rapid Deconstruct  Erth           #.........   100%        5    ######.
 Silence                  Hex/Air        #.........   100%        5    ######.
 Venom Bolt               Conj/Pois      #.........   100%        5    ######.
 Yara's Violent Unravell  Hex/Tmut       #.........   100%        5    ######.
 Deflect Missiles         Chrm/Air       #.........   100%        6    #######
 Freezing Cloud           Conj/Ice/Air   #.........   100%        6    #######
 Ring of Flames           Chrm/Fire      #.........   100%        7    #######
 Discord                  Hex            #.........   100%        8    #######


Dungeon Overview and Level Annotations

Branches:
Dungeon (15/15)            Temple (0/1) D:6            Lair (6/6) D:11
  Swamp (0/4) Lair:3       Spider (1/4) Lair:3        Slime (0/5) Lair:6
    Orc (2/2) D:12            Elf (0/3) Orc:2        Vaults (0/5) D:14
 Depths (0/5) D:15

Altars:
Gozag
Kikubaaqudgha
Makhleb
Okawaru
Uskayaw
Vehumet
Xom
The Shining One
Beogh

Shops:
D:6 %   D:9 ([*(=   D:13 [   D:14 (   Orc:2 **}[*

Portals:
Trove: D:15 (give 4 potions of resistance)

Annotations:
D:10 3 runed doors, galech's ghost, novice DsFi
Lair:1 exclusion: 2 oklob plants
Lair:2 3 runed doors, Buarolus's ghost, journeyman DEFE
Lair:4 1 runed door, SaintRoka's ghost, journeyman FoFi
Lair:5 2 transporters, Jeis's ghost, journeyman CeWr


Innate Abilities, Weirdness & Mutations

You are too large for most types of armour.
((You have claws for hands.))
Your metabolism is lightning-fast.
You like to eat raw meat.
Your natural rate of healing is unusually fast.
((You are covered in fur. (AC +1)))
((You have very tough skin. (AC +2)))


Message History

You block the redback's attack. The jumping spider pounces on you!
* * * LOW HITPOINT WARNING * * *
The jumping spider bites you but does no damage.
The moth of wrath bites you but does no damage.
The redback bites you!
* * * LOW HITPOINT WARNING * * *
You feel much better. The jumping spider pounces on you!
* * * LOW HITPOINT WARNING * * *
The jumping spider bites you but does no damage.
The redback bites you but does no damage.
The jumping spider pounces on you!
* * * LOW HITPOINT WARNING * * *
You are caught in a web!
The jumping spider bites you but does no damage.
The redback bites you but does no damage.
The moth of wrath bites you but does no damage.
The jumping spider pounces on you but does no damage.
The jumping spider bites you but does no damage.
The redback bites you!
You die...

....###......###.^P..............
###.####.....# ##P.##[...##.#####
###....#....## #....##...##..####
#.....#^#..#.#####...#..........#
##....##..###^#####.##...##.....#
##....#.#.^...s...#.#...........#
#.#.####..##.≈≈≈'##..#...........
###..##.....#.≈..s#.#....##.P#.##
.#..###...#.^≈≈.♣####....##..#..#
.....###..#.^≈≈^ys##.#...........
.....##.####..≈≈'##..............
####..##..^.^^...#####.##..#..#.#
##.##..#####.## ############
#...#.^^##### ##...^...#
#.......# ##P.#.###


You could see a moth of wrath, 2 jumping spiders and a redback (berserk).

Vanquished Creatures
  A stone giant (Orc:1)
  2 entropy weavers (Lair:3)
  A dire elephant (D:15)
  A spark wasp (Lair:3)
  Azrael (D:15)
  Josephine (Lair:5)
  A great orb of eyes (D:15)
  7 hydras
  2 centaur warriors
  An ice dragon (D:12)
  A rakshasa (D:14)
  4 vault guards (D:14)
  3 catoblepae (Lair:6)
  14 two-headed ogres
  7 death yaks
  5 ogre magi
  2 tengu warriors (D:14)
  An orc high priest (Orc:1)
  A deep elf knight (D:14)
  3 unseen horrors
  A wizard (D:14)
  4 orc knights
  An oklob plant (D:6)
  2 orc sorcerers
  2 deep elf magi
  A lindwurm (Lair:6)
  7 ugly things
  8 wolf spiders
  4 cyclopes
  5 manticores
  2 salamanders
  20 elephants
  6 black mambas
  A torpor snail (Lair:5)
  A gargoyle (D:14)
  7 spiny frogs
  4 kobold demonologists
  4 rime drakes
  5 komodo dragons
  A tengu conjurer (D:14)
  An efreet (D:8)
  2 demonic crawlers (Lair:3)
  4 trolls
  3 jumping spiders
  8 hornets
  3 meliai (D:14)
  2 polar bears (D:12)
  7 blink frogs
  6 hippogriffs
  3 slime creatures (D:12)
  12 tarantellas
  A centaur simulacrum (D:14)
  2 vampires
  A spriggan (D:8)
  2 wyverns
  64 yaks
  7 wraiths
  Eustachio (D:6)
  3 fire elementals (D:15)
  17 redbacks
  2 basilisks
  10 vampire mosquitoes
  2 hungry ghosts (D:8)
  7 wargs
  An acid dragon (D:11)
  14 water moccasins
  4 porcupines
  4 hell hounds (D:15)
  33 orc warriors
  7 ice beasts
  Duvessa (D:5)
  4 black bears
  3 sky beasts (D:8)
  An eye of draining (D:14)
  3 phantoms
  14 wolves
  38 ogres
  28 centaurs
  7 crocodiles
  4 big kobolds
  A wyvern zombie (D:8)
  16 bullfrogs
  A water moccasin zombie (D:6)
  A wyvern skeleton (D:8)
  Dowan (D:5)
  11 killer bees
  3 scorpions
  2 water moccasin skeletons (D:8)
  12 wights
  An electric eel (Lair:3)
  2 howler monkeys
  13 crimson imps
  8 centaur zombies
  A quasit (D:6)
  3 bullfrog zombies
  18 orc priests
  9 hounds
  Crazy Yiuf (D:3)
  6 centaur skeletons
  3 jellies
  34 orc wizards
  4 iguanas
  9 worker ants
  A hound zombie (D:7)
  2 hound skeletons
  2 worker ant zombies (D:10)
  3 gnolls (D:7)
  2 river rats (Lair:1)
  17 adders
  4 shadow imps
  An ooze (D:2)
  An adder zombie (D:8)
  5 worms
  A dart slug (D:2)
  6 leopard geckos
  111 orcs
  5 bats
  7 giant cockroaches
  4 goblins
  11 hobgoblins
  13 jackals
  4 quokkas
  6 frilled lizards
  A jackal skeleton (D:8)
  23 kobolds
  A leopard gecko skeleton (D:8)
  A leopard gecko zombie (D:6)
  5 rats
  2 plants
880 creatures vanquished.

Vanquished Creatures (others)
  A polar bear (D:12)
  A crocodile (Lair:6)
  An orc (D:15)
  14 fungi
  5 plants
22 creatures vanquished.

Grand Total: 902 creatures vanquished

Notes
Turn   | Place    | Note
-------+----------+-------------------------------------------
     0 | D:1      | MisterFreud the Troll Monk began the quest for the Orb.
     0 | D:1      | Reached XP level 1. HP: 22/22 MP: 0/0
    46 | D:1      | Reached XP level 2. HP: 29/29 MP: 1/1
   635 | D:2      | Reached XP level 3. HP: 36/36 MP: 2/2
   931 | D:2      | Reached XP level 4. HP: 34/44 MP: 3/3
   939 | D:2      | Reached skill level 5 in Unarmed Combat
  1157 | D:2      | Found an iron altar of Okawaru.
  1166 | D:2      | Became a worshipper of Warmaster Okawaru
  1166 | D:2      | Reached * piety under Okawaru
  1166 | D:2      | Reached ** piety under Okawaru
  1486 | D:3      | Noticed a big kobold
  1496 | D:3      | Killed a big kobold
  1496 | D:3      | Reached XP level 5. HP: 35/50 MP: 4/4
  1709 | D:3      | Reached XP level 6. HP: 54/59 MP: 5/5
  2197 | D:3      | Found a runed door.
  2201 | D:3      | Noticed Crazy Yiuf
  2206 | D:3      | Killed Crazy Yiuf
  2679 | D:4      | Reached XP level 7. HP: 66/66 MP: 6/6
  2887 | D:4      | Found a hide-covered altar of Uskayaw.
  2892 | D:4      | Reached *** piety under Okawaru
  2892 | D:4      | Reached skill level 1 in Throwing
  3011 | D:5      | Entered Level 5 of the Dungeon
  3330 | D:5      | Noticed Dowan
  3331 | D:5      | Noticed Duvessa
  3343 | D:5      | Killed Duvessa
  3343 | D:5      | Reached XP level 8. HP: 25/74 MP: 7/7
  3472 | D:5      | Killed Dowan
  3472 | D:5      | Reached skill level 5 in Throwing
  3650 | D:6      | Found a staircase to the Ecumenical Temple.
  3652 | D:6      | Noticed Eustachio
  3719 | D:6      | Killed Eustachio
  3757 | D:6      | Reached **** piety under Okawaru
  3790 | D:6      | Found an ancient bone altar of Kikubaaqudgha.
  3790 | D:6      | Noticed an oklob plant
  3796 | D:6      | Killed an oklob plant
  3800 | D:6      | Found Nanoin's Food Shop.
  3822 | D:6      | Reached XP level 9. HP: 45/80 MP: 9/11
  3979 | D:6      | Reached skill level 5 in Dodging
  4793 | D:7      | Found an opulent altar of Gozag.
  4828 | D:7      | Reached ***** piety under Okawaru
  5007 | D:7      | Received a gift from Okawaru
  5521 | D:8      | Reached XP level 10. HP: 88/88 MP: 12/12
  5760 | D:8      | Found a glowing golden altar of the Shining One.
  6529 | D:8      | Found a burning altar of Makhleb.
  6530 | D:8      | Found a radiant altar of Vehumet.
  6643 | D:8      | Reached skill level 5 in Fighting
  6958 | D:8      | Received a gift from Okawaru
  7099 | D:9      | Found Ycecuk's Jewellery Shoppe.
  7184 | D:9      | Found Tixt's Antique Weapon Shop.
  7210 | D:9      | Found Xownariso's Assorted Antiques.
  7316 | D:9      | Found Isoudann's Weapon Shoppe.
  7463 | D:9      | Reached skill level 10 in Unarmed Combat
  7463 | D:9      | Reached XP level 11. HP: 57/105 MP: 13/13
  7580 | D:9      | Reached skill level 1 in Evocations
  8058 | D:9      | Found Jiprog's Armour Emporium.
  8380 | D:10     | Entered Level 10 of the Dungeon
  8569 | D:10     | Received a gift from Okawaru
  8783 | D:10     | Found a runed gate.
  8783 | D:10     | Found a runed gate.
  8783 | D:10     | Found a runed gate.
  8783 | D:10     | Noticed galech's ghost (novice DsFi)
  9532 | D:11     | Found a hide-covered altar of Uskayaw.
  9572 | D:11     | Reached skill level 5 in Evocations
  9751 | D:11     | Reached skill level 5 in Invocations
  9968 | D:11     | Noticed a seven-headed hydra
  9990 | D:11     | Killed a seven-headed hydra
 10521 | D:11     | Found a staircase to the Lair.
 10532 | Lair:1   | Entered Level 1 of the Lair of Beasts
 10637 | Lair:1   | Noticed an oklob plant
 10637 | Lair:1   | Noticed an oklob plant
 10794 | Lair:1   | Identified Zurghupa's Early Guide to Theurgy
 10889 | Lair:1   | Reached ****** piety under Okawaru
 10889 | Lair:1   | Reached XP level 12. HP: 114/114 MP: 15/15
 10969 | Lair:1   | Received a gift from Okawaru
 11551 | Lair:1   | Found the +8 whip "Snakebite" {curare, rPois}
 11741 | Lair:2   | Reached skill level 10 in Throwing
 11895 | Lair:2   | Received a gift from Okawaru
 11898 | Lair:2   | Got a distressingly furry robe {god gift}
 12140 | Lair:2   | Found a runed gate.
 12142 | Lair:2   | Identified the +1 robe "Susaveoc" {rElec MR+} (Okawaru
                  | gifted it to you on level 2 of the Lair of Beasts)
 12145 | Lair:2   | Found a runed gate.
 12145 | Lair:2   | Found a runed gate.
 12145 | Lair:2   | Noticed Buarolus's ghost (journeyman DEFE)
 12430 | Lair:3   | Found a staircase to the Swamp.
 13054 | Lair:3   | Found a hole to the Spider Nest.
 13400 | Lair:4   | Identified a scroll of acquirement
 13409 | Lair:4   | Found a runed door.
 13414 | Lair:4   | Noticed SaintRoka's ghost (journeyman FoFi)
 13437 | Lair:4   | Reached skill level 1 in Shields
 13445 | Lair:4   | Reached XP level 13. HP: 91/123 MP: 16/16
 13673 | Lair:4   | Received a gift from Okawaru
 14071 | Lair:4   | Reached skill level 5 in Shields
 14457 | Lair:5   | Received a gift from Okawaru
 14764 | Lair:5   | Noticed Josephine
 14767 | Lair:5   | Noticed Jeis's ghost (journeyman CeWr)
 14779 | Lair:5   | Killed Josephine
 14821 | Lair:5   | Found a transporter.
 14825 | Lair:5   | Found a transporter.
 15086 | Lair:6   | Entered Level 6 of the Lair of Beasts
 15429 | Lair:6   | Found a staircase to the Slime Pits.
 15707 | Lair:6   | Received a gift from Okawaru
 15728 | Lair:6   | Reached XP level 14. HP: 90/135 MP: 17/17
 15756 | Lair:6   | Received a gift from Okawaru
 15931 | Lair:6   | Received a gift from Okawaru
 16112 | Lair:6   | Received a gift from Okawaru
 17029 | D:12     | Received a gift from Okawaru
 17038 | D:12     | Reached skill level 10 in Fighting
 17081 | D:12     | Found a staircase to the Orcish Mines.
 17361 | Orc:1    | Entered Level 1 of the Orcish Mines
 17517 | Orc:1    | Noticed a stone giant
 17583 | Orc:1    | Killed a stone giant
 17792 | Orc:1    | Found a roughly hewn altar of Beogh.
 18091 | Orc:2    | Entered Level 2 of the Orcish Mines
 18443 | Orc:2    | Received a gift from Okawaru
 18450 | Orc:2    | Got a fine robe {god gift}
 18457 | Orc:1    | Identified the +1 robe of Akhi {Slay+5 Stlth-} (Okawaru
                  | gifted it to you on level 2 of the Orcish Mines)
 18621 | Orc:2    | Found Oghoffere's Gadget Emporium.
 18621 | Orc:2    | Found Pesoraiv's General Store.
 18621 | Orc:2    | Found Tychy's Assorted Antiques.
 18621 | Orc:2    | Found Oquclosm's Antique Armour Emporium.
 18638 | Orc:2    | Bought a scroll of teleportation for 45 gold pieces
 18669 | Orc:2    | Reached XP level 15. HP: 98/149 MP: 16/18
 19007 | Orc:2    | Found a staircase to the Elven Halls.
 19013 | Orc:2    | Found Xaiguax's General Store.
 19245 | Orc:2    | Found a roughly hewn altar of Beogh.
 19503 | D:13     | Found a shimmering altar of Xom.
 19685 | D:13     | Found Jywkorar's Antique Armour Shop.
 20290 | D:14     | Found Gefawiem's Weapon Emporium.
 20323 | D:14     | Reached skill level 1 in Armour
 20431 | D:14     | Received a gift from Okawaru
 20723 | D:14     | Received a gift from Okawaru
 20822 | D:14     | Reached skill level 5 in Armour
 20880 | D:14     | Found a gate to the Vaults.
 21156 | D:15     | Entered Level 15 of the Dungeon
 21202 | D:15     | Noticed Azrael
 21222 | D:15     | Received a gift from Okawaru
 21231 | D:15     | Killed Azrael
 21425 | D:15     | Found a staircase to the Depths.
 21512 | D:15     | Found a portal to a secret trove of treasure.
 21999 | D:15     | Found a shimmering altar of Xom.
 22022 | D:15     | Reached XP level 16. HP: 129/158 MP: 19/19
 22026 | D:15     | Received a gift from Okawaru
 22358 | D:15     | Upgraded the game from 0.23-a0-405-g368ce00 to
                  | 0.23-a0-407-g92528d7
 22537 | Spider:1 | Entered Level 1 of the Spider Nest
 23261 | Lair:3   | Received a gift from Okawaru
 23300 | Spider:1 | Paralysed by a hornet for 3 turns
 23540 | Spider:1 | Received a gift from Okawaru
 23656 | Lair:3   | Slain by a redback

Vault maps used:
D:1:      dpeg_arrival_windows_large_door
D:2:      okawaru_ov_weapons_minmay, serial_park_tiny_2, minmay_ruptured
D:3:      cheibrodos_thug_alley, first_ration, uniq_crazy_yiuf_cottage
D:4:      lemuel_upstairs_altar, eat_drink_and_be_merry_uskayaw,
          minmay_tree_intersection, columned_hall_lemuel
D:5:      minmay_diamond_boxcup, uniq_duvessa
D:6:      minmay_temple_entry_mist, serial_shops, nicolae_shop_crystal,
          lemuel_oklob_altar, uniq_eustachio
D:7:      nicolae_gozag_cash_rules_everything_around_me
D:8:      minmay_quarter_circles, grunt_temple_overflow_lords_of_destruction,
          basic_altar, the_bakery
D:9:      serial_shops, nicolae_shop_trees, kennysheep_little_box,
          nicolae_shop_behind_doors, shop, shop
D:10:     ebering_ghost_rock_garden
D:11:     grunt_lair_entry_orc_guard_hut, basic_altar
D:12:     orc_0_dummy, serial_curves, eino_curves_03, eino_curves_03,
          portal_ice_cave_entry_animals_and_master
D:13:     serial_shops, shop, hangedman_decor_slide_cut, xom_teletrap_fun
D:14:     grunt_vaults_entry_fortified, serial_shops, shop, dk_noncrumbling_3
D:15:     hangedman_depths_entry_try_elsewhere_first, minmay_misc_feat_roman,
          nicolae_trove_entry_crossroad, basic_altar, uniq_azrael
Lair:1:   minmay_guarded_unrand_snakebite, pond, minmay_lair_oklob_chamber,
          infiniplex_staircase_pool_2
Lair:2:   gammafunk_ghost_necromancy
Lair:3:   minmay_swamp_entry_swarm, nicolae_spider_entry_orb_guardian
Lair:4:   beast_lair_carwin_large_4, ebering_ghost_reflecting_pool,
          lab_entry_generic, minivault_26, lemuel_fruit_tree
Lair:5:   gammafunk_ghost_hive, uniq_josephine
Lair:6:   evilmike_catoblepas_cave, slime_dummy
Orc:1:    basic_altar, mines2_lemuel
Orc:2:    st_orc_ogre_mass, basic_altar, serial_shops, shop

Skill      XL: |  1  2  3  4  5  6  7  8  9 10 11 12 13 14 15 16 |
---------------+-------------------------------------------------+-----
Unarmed Combat | 4 6 7 8 10 12 13 14 | 14.0
Throwing       | 4 6 8 10 12 14 | 14.0
Invocations    | 4 6 |  6.0
Dodging        | 3 7 8 |  8.0
Fighting       | 6 7 10 | 10.0
Evocations     | 5 |  5.0
Shields        | 2 9 |  9.0
Armour         | 7 9 |  9.5
Stealth        | |  1.0

Action                   |  1- 3 |  4- 6 |  7- 9 | 10-12 | 13-15 | 16-18 || total
-------------------------+-------+-------+-------+-------+-------+-------++-------
Melee: Unarmed           |    86 |   159 |   317 |   939 |  1369 |   151 ||  3021
       Punch             |     1 |     6 |    12 |    62 |       |       ||    81
Throw: Tomahawk          |       |     1 |     2 |       |       |       ||     3
       Large rock        |       |       |     1 |     3 |    33 |    16 ||    53
       Javelin           |       |       |       |       |    20 |       ||    20
Invok: Heroism           |       |       |     2 |    12 |    29 |     8 ||    51
Evoke: Wand              |       |       |       |     1 |     4 |     2 ||     7
  Use: Scroll            |     3 |     6 |     2 |    17 |     6 |     3 ||    37
       Potion            |       |       |     1 |     2 |     2 |     6 ||    11
 Stab: Sleeping          |     3 |     5 |     3 |     5 |       |       ||    16
       Distracted        |       |       |       |     2 |       |       ||     2
  Eat: Chunk             |    10 |    20 |    24 |    68 |    89 |    10 ||   221
       Ration            |       |       |       |       |       |     1 ||     1
Armor: Robe              |    28 |    32 |    92 |    69 |    47 |    12 ||   280
       Acid dragon scale |       |       |       |   107 |   198 |       ||   305
       Ice dragon scales |       |       |       |       |       |    98 ||    98
       Skin              |       |       |       |       |       |    27 ||    27
Dodge: Dodged            |    34 |    60 |   210 |   788 |   814 |   206 ||  2112
Block: Shield            |       |       |       |    17 |   878 |   169 ||  1064

Table legend:
 A = Non-vault XP
 B = Vault XP
 C = Vault XP percentage of total XP
 D = Non-vault monster count
 E = Vault monster count
 F = Vault count percentage of total count
                 A         B        C        D         E       F
            +---------+---------+-------+---------+---------+-------
      Total |  108959 |   61544 |  36.1 |     690 |     190 |  21.6
            +---------+---------+-------+---------+---------+-------
        D:1 |      38 |       0 |   0.0 |      21 |       0 |   0.0
        D:2 |      76 |      15 |  16.5 |      21 |       2 |   8.7
        D:3 |     160 |     258 |  61.7 |      19 |      13 |  40.6
        D:4 |     282 |       0 |   0.0 |      13 |       0 |   0.0
        D:5 |     496 |     213 |  30.0 |       9 |       4 |  30.8
        D:6 |    1501 |     828 |  35.6 |      28 |       2 |   6.7
        D:7 |    1520 |       0 |   0.0 |      37 |       0 |   0.0
        D:8 |    1564 |    2857 |  64.6 |      32 |      28 |  46.7
        D:9 |    3026 |       2 |   0.1 |      25 |       1 |   3.8
       D:10 |    1719 |       0 |   0.0 |      47 |       0 |   0.0
       D:11 |    4389 |     482 |   9.9 |      41 |       4 |   8.9
       D:12 |   10813 |    2652 |  19.7 |      65 |       8 |  11.0
       D:13 |    4447 |       0 |   0.0 |      21 |       0 |   0.0
       D:14 |   13817 |    7010 |  33.7 |      35 |      10 |  22.2
       D:15 |   10016 |    6124 |  37.9 |      33 |      12 |  26.7
     Lair:1 |    3492 |    3700 |  51.4 |      14 |      19 |  57.6
     Lair:2 |    4247 |       0 |   0.0 |      18 |       0 |   0.0
     Lair:3 |   14134 |    1596 |  10.1 |      47 |       7 |  13.0
     Lair:4 |    2964 |    6071 |  67.2 |      13 |      13 |  50.0
     Lair:5 |    5593 |    2093 |  27.2 |      12 |       6 |  33.3
     Lair:6 |    9699 |   10367 |  51.7 |      27 |      23 |  46.0
   Spider:1 |    6619 |       0 |   0.0 |      23 |       0 |   0.0
      Orc:1 |    5553 |    4639 |  45.5 |      49 |       6 |  10.9
      Orc:2 |    2794 |   12637 |  81.9 |      40 |      32 |  44.4
            +---------+---------+-------+---------+---------+-------
